 Dungeon Crawl Stone Soup version 0.25.0-11-g1f837a76a1 (webtiles) character file.

Game seed: 5996861332069479912

4223 Stil the Thaumaturge (level 10, -24/50 HPs)
             Began as a Deep Elf Conjurer on June 25, 2020.
             Was a Priest of Sif Muna.
             Annihilated by an orc warrior
             ... wielding a +0 halberd
              (44 damage)
             ... in a bailey.
             The game lasted 00:33:03 (8127 turns).

Stil the Thaumaturge (Deep Elf Conjurer)            Turns: 8127, Time: 00:33:04

Health: -24/50     AC:  2    Str:  5    XL:     10   Next: 9%
Magic:  5/28       EV: 17    Int: 26    God:    Sif Muna [***...]
Gold:   382        SH:  0    Dex: 15    Spells: 26/33 levels left

rFire    x . .     SeeInvis .   h - +1 dagger (holy)
rCold    + . .     Gourm    .   (no shield)
rNeg     . . .     Faith    .   a - +0 robe
rPois    .         Spirit   .   (no helmet)
rElec    .         Reflect  .   (no cloak)
rCorr    .         Harm     .   (no gloves)
MR       +....     Rnd*Rage +   (no boots)
Stlth    +++.......             v - amulet of magic regeneration
HPRegen  0.16/turn              i - ring of ice
MPRegen  0.46/turn              p - ring of stealth

@: no status effects
A: hooves 1, berserk 1, clever 1
a: Channel Magic, Forget Spell, Renounce Religion


You were in a bailey.
You worshipped Sif Muna.
Sif Muna was most pleased with you.
You were not hungry.

You visited 2 branches of the dungeon, and saw 8 of its levels.
You also visited: Ossuary and Bailey.

You collected 382 gold pieces.

Inventory:

Hand Weapons
 h - a +1 dagger of holy wrath (weapon)
 x - a cursed -3 morningstar
 y - a +3 short sword
 E - a +0 mace of distortion
Missiles
 e - 5 curare-tipped darts (quivered)
 o - 37 poisoned darts
Armour
 a - a +0 robe (worn)
 u - a +1 leather armour of cold resistance
Jewellery
 i - a ring of ice (left hand)
 k - a +6 ring of strength
 p - a ring of stealth (right hand)
 q - a +4 ring of slaying
 v - an amulet of magic regeneration (around neck)
 D - an uncursed ring of ice
Wands
 b - a wand of polymorph (7)
 s - a wand of enslavement (9)
Scrolls
 g - 2 scrolls of enchant armour {unknown}
 j - a scroll of immolation {unknown}
 l - a scroll of fear
 m - 2 scrolls of teleportation {unknown}
 r - 2 scrolls of magic mapping
 w - 2 scrolls of remove curse
 z - a scroll of amnesia {unknown}
 G - a scroll of identify
Potions
 d - 8 potions of curing
 f - a potion of haste {unknown}
 n - 3 potions of might
 t - 2 potions of berserk rage {unknown}
 A - a potion of lignification {unknown}
 B - a potion of heal wounds {unknown}
 C - 2 potions of brilliance {unknown}
Comestibles
 c - 10 rations
 F - 6 chunks of flesh


   Skills:
 + Level 8.2 Dodging
 - Level 2.4 Stealth
 * Level 12.3 Spellcasting
 * Level 11.3 Conjurations
 - Level 10.0 Hexes


You had 26 spell levels left.
You knew the following spells:

 Your Spells              Type           Power        Failure   Level  Hunger
a - Magic Dart            Conj           ####         1%          1    None
b - Searing Ray           Conj           ######       1%          2    None
c - Fulminant Prism       Conj/Hex       ######....   1%          4    None

Your spell library contained the following spells:

 Spells                   Type           Power        Failure   Level  Hunger
 Dazzling Flash           Conj/Hex       ######       1%          3    None
 Iskenderun's Mystic Bla  Conj/Tloc      #####...     3%          4    None


Dungeon Overview and Level Annotations

Branches:
Dungeon (7/15)             Temple (1/1) D:4         Ossuary (visited)
 Bailey (1/1)

Altars:
Ashenzari
Cheibriados
Dithmenos
Elyvilon
Fedhas
Gozag
Hepliaklqana
Kikubaaqudgha
Makhleb
Nemelex Xobeh
Okawaru
Qazlal
Ru
Sif Muna
Trog
Uskayaw
Vehumet
Wu Jian
Xom
Yredelemnul
Zin
The Shining One


Innate Abilities, Weirdness & Mutations

You have large cloven feet.
You tend to lose your temper in combat.
Your mind is acute. (Int +2)


Message History

You kill the orc warrior!
Sif Muna accepts your kill.
The orc knight roars a battlecry!
You hear a shout!
Quiver which item? (- for none, * to show all) (? for menu, Esc to quit)
Quivering
e - 6 curare-tipped darts for throwing.
Throwing (i - inventory. (/) - cycle)
e - 6 curare-tipped darts (quivered)
Press: ? - help, Shift-Dir - straight line, f - orc warrior
Aim: an orc warrior, wielding a +0 halberd and wearing a +0 ring mail (strong)
You throw a curare-tipped dart.
The curare-tipped dart barely misses the orc warrior.
The orc warrior hits you from afar with a +0 halberd!!
Ouch! That really hurt!
Throwing (i - inventory. (/) - cycle)
e - 5 curare-tipped darts (quivered)
Press: ? - help, Shift-Dir - straight line, f/p - orc warrior
Aim: an orc warrior, wielding a +0 halberd and wearing a +0 ring mail (strong)
Okay, then.
The orc warrior hits you from afar with a +0 halberd!!!
Ouch! That really hurt!
You die...

### ##@## #.∩.#
#..o#
≈≈)≈≈).)....≈≈)≈
≈.∩o≈.......≈)∩.
≈≈)≈≈......o≈≈(≈
.≈≈≈..#...#..≈≈≈
.....##...##....
##### ##∩## ####


You could see an orc knight (strong) and an orc warrior (strong).

Vanquished Creatures
  Pikel (D:6)
  An orc knight (Bailey)
  Grinder (D:4)
  Eustachio (D:4)
  A water moccasin (D:6)
  4 orc warriors (Bailey)
  A phantom (D:5)
  An ice beast (D:6)
  4 ogres
  3 slaves (D:6)
  2 sky beasts
  2 centaurs
  Blork the orc (D:6)
  A bullfrog (D:6)
  3 elf zombies (Ossuary)
  A scorpion (D:5)
  3 howler monkeys
  A crimson imp (D:5)
  A centaur zombie (Ossuary)
  A human zombie (Ossuary)
  A bullfrog skeleton (D:6)
  3 hounds
  2 orc wizards (D:6)
  2 iguanas
  2 worker ants
  A killer bee zombie (D:6)
  2 hound zombies (Ossuary)
  3 mummies (Ossuary)
  A worker ant zombie (D:7)
  A howler monkey skeleton (D:5)
  10 adders
  An ooze (D:3)
  An adder skeleton (D:7)
  5 adder zombies (Ossuary)
  2 worms
  A leopard gecko (D:6)
  22 orcs
  3 giant cockroaches
  A gnoll zombie (Ossuary)
  2 hobgoblins
  15 jackals
  2 quokkas
  2 ball pythons (D:7)
  7 bats
  3 frilled lizards
  10 goblins
  7 goblin zombies (Ossuary)
  4 hobgoblin zombies (Ossuary)
  5 jackal zombies
  8 kobolds
  2 kobold zombies (Ossuary)
  A leopard gecko zombie (D:5)
  2 orc zombies (Ossuary)
  2 quokka zombies
  6 rats
  3 rat zombies (Ossuary)
179 creatures vanquished.

Vanquished Creatures (others)
  11 fulminant prisms
11 creatures vanquished.

Grand Total: 190 creatures vanquished

Notes
Turn   | Place    | Note
-------+----------+-------------------------------------------
     0 | D:1      | Stil the Deep Elf Conjurer began the quest for the Orb.
     0 | D:1      | Reached XP level 1. HP: 10/10 MP: 6/6
   567 | D:1      | Reached XP level 2. HP: 15/15 MP: 5/8
   710 | D:1      | Learned a level 2 spell: Searing Ray
  1353 | D:2      | Reached skill level 5 in Conjurations
  1575 | D:2      | Reached XP level 3. HP: 19/19 MP: 3/10
  2373 | D:3      | Reached skill level 4 in Spellcasting
  2420 | D:3      | Found a blossoming altar of Fedhas.
  2819 | D:3      | Reached XP level 4. HP: 24/24 MP: 8/12
  2825 | D:3      | Learned a level 4 spell: Fulminant Prism
  3528 | D:3      | Gained mutation: You are occasionally teleported next to
                  | monsters. [potion of mutation]
  3528 | D:3      | Gained mutation: You have supernaturally acute eyesight.
                  | (SInv) [potion of mutation]
  3625 | D:4      | Reached skill level 1 in Hexes
  3746 | D:4      | Reached XP level 5. HP: 28/28 MP: 7/13
  3962 | D:4      | Lost mutation: You are occasionally teleported next to
                  | monsters. [potion of mutation]
  3962 | D:4      | Lost mutation: You have supernaturally acute eyesight.
                  | (SInv) [potion of mutation]
  3962 | D:4      | Gained mutation: You tend to lose your temper in combat.
                  | [potion of mutation]
  3962 | D:4      | Gained mutation: You have large cloven feet. [potion of
                  | mutation]
  3962 | D:4      | Gained mutation: Your mind is acute. (Int +2) [potion of
                  | mutation]
  4253 | D:4      | Found a staircase to the Ecumenical Temple.
  4262 | Temple   | Entered the Ecumenical Temple
  4489 | D:4      | Noticed Eustachio
  4502 | D:4      | Killed Eustachio
  4502 | D:4      | Reached skill level 5 in Spellcasting
  4502 | D:4      | Reached XP level 6. HP: 32/32 MP: 6/15
  4588 | D:4      | Noticed Grinder
  4601 | D:4      | Killed Grinder
  4601 | D:4      | Reached XP level 7. HP: 36/36 MP: 3/17
  4804 | D:5      | Entered Level 5 of the Dungeon
  4848 | D:5      | Reached skill level 10 in Spellcasting
  4848 | D:5      | Reached XP level 8. HP: 41/41 MP: 15/24
  4859 | D:5      | Reached skill level 10 in Conjurations
  4986 | D:5      | Found a radiant altar of Vehumet.
  4986 | D:5      | Found a shimmering blue altar of Sif Muna.
  4989 | D:5      | Found a shadowy altar of Dithmenos.
  4997 | D:5      | Became a worshipper of Sif Muna the Loreminder
  5325 | D:5      | Found a shimmering altar of Xom.
  5329 | D:5      | Found a hazy altar of Hepliaklqana.
  5330 | D:5      | Noticed a spectral ugly thing
  5780 | D:6      | Found a sand-covered staircase.
  5814 | D:6      | Reached * piety under Sif Muna
  5828 | Ossuary  | Entered an ossuary
  6053 | Ossuary  | Reached skill level 10 in Hexes
  6240 | Ossuary  | Reached skill level 11 in Spellcasting
  6443 | Ossuary  | Reached ** piety under Sif Muna
  7001 | D:6      | Reached XP level 9. HP: 40/45 MP: 23/26
  7291 | D:6      | Noticed Pikel
  7320 | D:6      | Found a basalt altar of Yredelemnul.
  7325 | D:6      | Noticed Blork the orc
  7343 | D:6      | Killed Blork the orc
  7344 | D:6      | Killed Pikel
  7403 | D:6      | Found a hide-covered altar of Uskayaw.
  7409 | D:6      | Found an ornate altar of the Wu Jian Council.
  7859 | D:7      | Found a burning altar of Makhleb.
  7862 | D:7      | Found a bloodstained altar of Trog.
  7862 | D:7      | Found a sparkling altar of Nemelex Xobeh.
  7881 | D:7      | Found a sacrificial altar of Ru.
  7885 | D:7      | Found an iron altar of Okawaru.
  8089 | D:7      | Found a flagged portal.
  8095 | D:7      | Reached skill level 12 in Spellcasting
  8104 | Bailey   | Entered a bailey
  8104 | Bailey   | Noticed an orc knight
  8105 | Bailey   | Noticed an orc knight
  8107 | Bailey   | Reached *** piety under Sif Muna
  8120 | Bailey   | Killed an orc knight
  8120 | Bailey   | Reached XP level 10. HP: 45/50 MP: 7/28
  8123 | Bailey   | Noticed an orc knight
  8127 | Bailey   | Annihilated by an orc warrior

Illustrated notes

Levels and vault maps discovered:
D:1:      mrwooster_arrival_statue_3, layout_basic, minmay_misc_feat_tiny
D:2:      layout_basic
D:3:      layout_basic, first_ration, fedhas_altar_1
D:4:      layout_basic, minmay_temple_entry_purple_smoke, uniq_eustachio,
          uniq_grinder
D:5:      layout_loops_ring, regret_index_temple_of_mockery, minitemple
D:6:      layout_loops_ring, grunt_temple_overflow_open,
          nicolae_ossuary_entry_ruins, uniq_blork_the_orc, uniq_pikel
D:7:      layout_rooms, minmay_overflow_temple_star_hex, serial_shops, shop,
          gammafunk_ghost_split, enter_bailey_1
Temple:   compressed_dpeg_triangle_lava_temple
Bailey:   bailey_polearm_4, bailey

Skill      XL: |  1  2  3  4  5  6  7  8  9 |
---------------+----------------------------+-----
Conjurations   | 5 6 9 10 11 | 11.3
Spellcasting   | 4 5 10 11 12 | 12.3
Dodging        | 3 4 7 8 |  8.2
Hexes          | 2 3 4 9 10 | 10.0
Stealth        | |  2.4

Action                   |  1- 3 |  4- 6 |  7- 9 | 10-12 || total
-------------------------+-------+-------+-------+-------++-------
Melee: Dagger            |     2 |       |    18 |       ||    20
       Kick              |       |       |     5 |       ||     5
Throw: Dart              |       |       |       |     1 ||     1
 Cast: Magic Dart        |    63 |    39 |   118 |     1 ||   221
       Searing Ray       |     6 |     9 |    56 |       ||    71
       Fulminant Prism   |       |       |    10 |     1 ||    11
  Use: Scroll            |     7 |     2 |     1 |       ||    10
       Potion            |       |     2 |     1 |       ||     3
 Stab: Sleeping          |     1 |       |       |       ||     1
  Eat: Chunk             |     5 |     5 |     2 |       ||    12
       Ration            |       |       |     3 |       ||     3
Armor: Robe              |     1 |       |     7 |       ||     8
Dodge: Dodged            |     3 |       |    61 |       ||    64
